 Dungeon Crawl Stone Soup version 0.32-a0-893-gf85d74f360 (webtiles) character file.

Game seed: 3998285727618863569

37090 Autsider the Geomancer (level 13, -10/82 HPs)
             Began as a Gargoyle Earth Elementalist on Apr 3, 2024.
             Was an Initiate of Gozag.
             Mangled by a death yak simulacrum (21 damage)
             ... in an ice cave.
             The game lasted 01:00:06 (20365 turns).

Autsider the Geomancer (GrEE)                      Turns: 20365, Time: 01:00:07

Health: -10/82     AC: 25    Str: 11    XL:     13   Next: 94%
Magic:  2/28       EV: 14    Int: 22    God:    Gozag
Gold:   2148       SH:  9    Dex: 10    Spells: 27/35 levels left

rFire   + . .        j - staff of conjuration
rCold   . . .        l - +0 kite shield of Snakes and Ladders {rPois rN++ rCorr Stlth+}
rNeg    + + +        g - +4 ring mail {rF+}
rPois   ∞            P - +0 helmet
rElec   +            u - +1 cloak
rCorr   +            h - +0 pair of gloves of the Coconut {rPois Stlth+}
SInv    .            H - +0 pair of boots "Vuskin" {rN+}
Will    .....        (no amulet)
Stlth   ++++         D - +5 ring of evasion
HPRegen 0.33/turn    y - ring of wizardry
MPRegen 0.21/turn

%: wizardry (x1)
@: gold aura, slowed, very slow
A: sickness immunity, AC +9, negative energy resistance 1, electricity
resistance, torment resistance 1, petrification resistance
a: Renounce Religion, Potion Petition, Call Merchant, Bribe Branch


You were in an ice cave.
You worshipped Gozag.
Gozag was most pleased with you.
You visited 2 branches of the dungeon, and saw 14 of its levels.
You also visited: Ossuary and Ice Cave.

You collected 3572 gold pieces.
You spent 781 gold pieces at shops.
You paid 643 gold pieces to Gozag.

Inventory:

Hand Weapons
 z - a +1 flail of flaming
 C - a +4 scimitar of freezing
 E - a +4 trident of draining
Missiles
 f - a curare-tipped dart
Armour
 g - a +4 ring mail of fire resistance (worn)
 h - the +0 pair of gloves of the Coconut (worn) {rPois Stlth+}
   (You bought it in a shop on level 1 of the Lair of Beasts)

   rPois:     It protects you from poison.
   Stlth+:    It makes you more stealthy.
 i - a +1 leather armour of cold resistance
 l - the +0 kite shield of Snakes and Ladders (worn) {rPois rN++ rCorr Stlth+}
   (You bought it in a shop on level 1 of the Lair of Beasts)

   rPois:     It protects you from poison.
   rN++:      It greatly protects you from negative energy.
   rCorr:     It protects you from acid and corrosion.
   Stlth+:    It makes you more stealthy.
 u - a +1 cloak (worn)
 H - the +0 pair of boots "Vuskin" (worn) {rN+}
   (You bought it in a shop on level 1 of the Lair of Beasts)

   rN+:       It protects you from negative energy.
 P - a +0 helmet (worn)
Magical Staves
 j - a staff of conjuration (weapon)
 A - a staff of alchemy
Jewellery
 q - a +6 ring of dexterity
 w - a ring of magical power
 y - a ring of wizardry (right hand)
 D - a +5 ring of evasion (left hand)
 L - a ring of fire
 O - an amulet of guardian spirit
Wands
 t - a wand of polymorph (15)
 v - a wand of iceblast (15)
Scrolls
 e - a scroll of enchant weapon
 m - 4 scrolls of vulnerability
 o - a scroll of noise
 p - 3 scrolls of immolation
 r - 5 scrolls of fog
 x - a scroll of brand weapon
 I - 3 scrolls of teleportation {@r2}
 J - a scroll of fear
Potions
 a - 3 potions of ambrosia
 b - a potion of magic
 c - a potion of haste
 d - 5 potions of curing {@q1}
 k - 3 potions of mutation
 n - 3 potions of degeneration
 B - a potion of enlightenment
 F - a potion of resistance
 G - 2 potions of might


   Skills:
 - Level 10.0 Fighting
 - Level 5.0 Armour
 - Level 8.0 Dodging
 - Level 4.0 Stealth
 - Level 6.0 Shields
 + Level 11.6 Spellcasting
 - Level 8.0 Conjurations
 - Level 12.0 Earth Magic
 - Level 4.0 Alchemy
 + Level 3.8 Evocations


You had 27 spell levels left.
You knew the following spells:

 Your Spells              Type           Power      Damage    Failure   Level
a - Sandblast             Erth           100%       2d20      1%          1
b - Stone Arrow           Conj/Erth      100%       3d13      1%          3
w - Petrify               Alch/Erth      48%        N/A       6%          4

Your spell library contained the following spells:

 Spells                   Type           Power      Damage    Failure   Level
 Magic Dart               Conj           100%       1d8       1%          1
 Passwall                 Erth           60%        N/A       1%          3
 Brom's Barrelling Bould  Conj/Erth      71%        2d8       2%          4
 Hailstorm                Conj/Ice       45%        3d10      10%         3
 Freeze                   Ice            48%        1d6       16%         1
 Frozen Ramparts          Ice            24%        1d4       43%         3


Dungeon Overview and Level Annotations

Branches:
Dungeon (9/15)             Temple (0/1) D:5            Lair (5/5) D:8
  Swamp (0/4) Lair:2       Spider (0/4) Lair:3        Slime (0/5) Lair:4
    Orc (0/2) D:9         Ossuary (visited)           IceCv (1/1)

Altars:
Gozag
Kikubaaqudgha
Makhleb
Nemelex Xobeh
Sif Muna
Vehumet
Wu Jian
Jiyva

Shops:
D:2 [   D:3 *   Lair:1 [

Annotations:
D:7 exclusion: 2 downstairs
D:8 exclusion: downstairs
Lair:1 exclusion: downstairs


Innate Abilities, Weirdness & Mutations

You are immune to sickness and miasma.
Your stone body is resilient. (AC +9)
You are immune to poison.
You resist negative energy. (rN+)
You are resistant to electric shocks. (rElec)
You are resistant to unholy torment.
You are immune to petrification.


Message History

Press: ? - help, Shift-Dir - straight line, f - ice devil
Aim: an ice devil (moderately wounded, 78% to hit)
You feel a surge of power!
The stone arrow hits the ice devil!!
The ice devil is almost dead.
The ice devil barely misses you.
Your magical contamination has completely faded away.
Casting: Stone Arrow (safe; 1% risk of failure)
Confirm with . or Enter, or press ? or * to list all spells.
Aiming: Stone Arrow (safe; 1% risk of failure)
Press: ? - help, Shift-Dir - straight line, f/p - ice devil
Aim: an ice devil (almost dead, 78% to hit)
You feel a surge of power!
The stone arrow hits the ice devil!
You kill the ice devil!
Casting: Stone Arrow (safe; 1% risk of failure)
Confirm with . or Enter, or press ? or * to list all spells.
Aiming: Stone Arrow (safe; 1% risk of failure)
Press: ? - help, Shift-Dir - straight line, f - death yak simulacrum
Aim: a death yak simulacrum (100% to hit)
You feel a surge of power!
The stone arrow hits the death yak simulacrum!
The death yak simulacrum is moderately damaged.
The death yak simulacrum gores you.
* * * LOW HITPOINT WARNING * * *
The death yak simulacrum freezes you!!!
* * * LOW HITPOINT WARNING * * *
Okay, then.
The death yak simulacrum is distracted by your dazzling golden aura.
Casting: Stone Arrow (safe; 1% risk of failure)
Confirm with . or Enter, or press ? or * to list all spells.
Aiming: Sandblast (safe; 1% risk of failure)
Press: ? - help, Shift-Dir - straight line, f/p - death yak simulacrum
Aim: a death yak simulacrum (moderately damaged, unaware, hasn't noticed you, 100% to hit)
The blast of sand hits the death yak simulacrum!
The death yak simulacrum is heavily damaged.
The death yak simulacrum is no longer distracted by gold.
The death yak simulacrum gores you.
* * * LOW HITPOINT WARNING * * *
The death yak simulacrum freezes you!!
You die...
Your body crumbles into a pile of gold.
Z

##..## .. #...## ...
##...# .... ###..##
##..##.##..####
#....#..#..#..## #
##.#...°.○..#...##
§#.#.°##°☼#☼#.......#
§§.°°..#.°###.☼@##..##
§§☼§≈☼....# #.Z###...#
###§§.#...# ##$# ##..#
○§☼§§ #...# #....#..#
Z§§§ #...## ....##..#
§#Z ###....##....#..##
☼ #.##......##)..##..#
☼○#.#.....#..##[.#..##
##.......###..####..#


You could see a death yak simulacrum.

Vanquished Creatures
  4 hydras
  Erica (Lair:2)
  5 death yaks
  3 skysharks
  A lindwurm (Lair:4)
  5 elephants (Lair:3)
  2 ice statues (IceCv)
  4 black mambas
  10 cane toads
  Jeremiah (D:8)
  A freezing wraith (IceCv)
  5 rime drakes
  An anaconda simulacrum (IceCv)
  4 ice devils (IceCv)
  7 komodo dragons
  A red devil (D:9)
  A queen bee (D:8)
  3 polar bears
  7 blink frogs
  Sigmund (D:3)
  A ynoxinul (D:9)
  3 wyverns
  41 yaks
  2 steam dragons
  A basilisk (Lair:3)
  A chaos spawn (D:8)
  A death yak simulacrum (IceCv)
  11 water moccasins
  Duvessa (D:7)
  3 sky beasts
  An orc warrior (D:9)
  An ice beast (D:7)
  4 black bears
  An ogre (D:5)
  5 centaurs
  27 wolves
  A phantom (D:6)
  A kobold brigand (D:6)
  Blork the orc (D:5)
  8 bullfrogs
  A gnoll sergeant (D:8)
  2 two-headed ogre simulacra (IceCv)
  2 cane toad simulacra (IceCv)
  2 scorpions (D:5)
  Dowan (D:7)
  11 wights
  11 killer bees
  A bombardier beetle (D:6)
  3 howler monkeys
  3 centaur zombies (Ossuary)
  4 orc priests
  A quasit (D:9)
  A gnoll bouda (D:5)
  4 hounds
  A human zombie (Ossuary)
  2 sleepcaps
  Crazy Yiuf (D:5)
  Ijyb (D:5)
  A scorpion zombie (D:5)
  5 iguanas
  5 orc wizards
  A troll simulacrum (IceCv)
  4 spriggan simulacra (IceCv)
  A wolf simulacrum (IceCv)
  6 hound zombies (Ossuary)
  A hound skeleton (D:5)
  2 mummies (Ossuary)
  10 gnolls
  A naga simulacrum (IceCv)
  4 adders
  A howler monkey skeleton (D:5)
  3 ufetubi
  7 adder zombies (Ossuary)
  4 adder skeletons (D:5)
  A ribbon worm (D:5)
  4 dart slugs
  20 orcs
  4 ball pythons
  6 bats
  6 endoplasms
  3 giant cockroaches
  9 goblins
  4 hobgoblins
  3 jackals (D:1)
  A quokka (D:2)
  6 frilled lizards
  2 gnoll zombies (Ossuary)
  4 jackal zombies (Ossuary)
  9 kobolds
  7 kobold zombies (Ossuary)
  6 orc zombies (Ossuary)
  7 rats
392 creatures vanquished.

Notes
Turn   | Place    | Note
-------+----------+-------------------------------------------
     0 | D:1      | Autsider the Gargoyle Earth Elementalist began the quest
                  | for the Orb.
     0 | D:1      | Reached XP level 1. HP: 10/10 MP: 3/3
     3 | D:1      | Noticed an electric eel
     4 | D:1      | Noticed an electric eel
   102 | D:1      | Reached skill level 4 in Earth Magic
   172 | D:1      | Reached XP level 2. HP: 15/15 MP: 3/5
   383 | D:1      | Found a faded altar of an unknown god.
   615 | D:1      | Reached XP level 3. HP: 19/19 MP: 2/6
   623 | D:1      | Learned a level 3 spell: Stone Arrow
  1115 | D:2      | Reached skill level 5 in Earth Magic
  1120 | D:2      | Reached XP level 4. HP: 23/24 MP: 1/7
  1532 | D:2      | Found Heonkesk's Armour Shoppe.
  1893 | D:3      | Found an ancient bone altar of Kikubaaqudgha.
  1945 | D:3      | Found a radiant altar of Vehumet.
  1949 | D:3      | Reached XP level 5. HP: 28/28 MP: 5/8
  2023 | D:3      | Got Vehumet's Opusculum on Damage
  2033 | D:3      | Found a shimmering blue altar of Sif Muna.
  2336 | D:3      | Noticed Sigmund
  2358 | D:3      | Found Fosoecs's Assorted Antiques.
  2365 | D:3      | Killed Sigmund
  2366 | D:3      | Reached skill level 1 in Fighting
  2366 | D:3      | Reached skill level 1 in Armour
  2366 | D:3      | Reached XP level 6. HP: 34/34 MP: 2/9
  3635 | D:4      | Found a sparkling altar of Nemelex Xobeh.
  3635 | D:4      | Found an opulent altar of Gozag.
  3651 | D:4      | Became a worshipper of Gozag Ym Sagoz the Greedy
  3790 | D:5      | Entered Level 5 of the Dungeon
  3825 | D:5      | Reached XP level 7. HP: 39/40 MP: 0/11
  3935 | D:5      | Noticed Blork the orc
  3939 | D:5      | Killed Blork the orc
  4022 | D:5      | Found a runed translucent door.
  4023 | D:5      | Noticed Crazy Yiuf
  4044 | D:5      | Noticed Ijyb
  4063 | D:5      | Killed Ijyb
  4115 | D:5      | Found a sand-covered staircase.
  4257 | Ossuary  | Entered an ossuary
  4657 | Ossuary  | Reached skill level 5 in Conjurations
  4744 | Ossuary  | Reached skill level 6 in Earth Magic
  4744 | Ossuary  | Reached XP level 8. HP: 42/45 MP: 5/12
  5429 | D:5      | Found a staircase to the Ecumenical Temple.
  5827 | D:5      | Killed Crazy Yiuf
  6099 | D:6      | Reached XP level 9. HP: 19/52 MP: 0/15
  6417 | D:6      | Reached skill level 5 in Fighting
  6417 | D:6      | Reached skill level 5 in Armour
  7379 | D:7      | Reached skill level 5 in Dodging
  7628 | D:7      | Noticed Dowan
  7937 | D:8      | Noticed Jeremiah
  8121 | D:8      | Reached XP level 10. HP: 57/64 MP: 11/16
  8220 | D:7      | Noticed Duvessa
  8240 | D:7      | Killed Duvessa
  8388 | D:7      | Killed Dowan
  8586 | D:7      | Learned a level 4 spell: Petrify
  8688 | D:8      | Noticed a death yak
  9045 | D:8      | Found a staircase to the Lair.
  9145 | D:8      | Reached skill level 1 in Alchemy
  9488 | D:8      | Killed Jeremiah
  9753 | D:8      | Killed a death yak
 10017 | D:9      | Found a burning altar of Makhleb.
 10022 | D:9      | Found an ornate altar of the Wu Jian Council.
 10614 | D:9      | Found a flagged portal.
 11026 | Lair:1   | Entered Level 1 of the Lair of Beasts
 11035 | D:8      | Reached XP level 11. HP: 69/72 MP: 11/17
 11080 | D:8      | Reached skill level 10 in Fighting
 11942 | Lair:1   | Reached skill level 7 in Earth Magic
 12003 | Lair:2   | Found a staircase to the Swamp.
 12337 | Lair:1   | Reached skill level 8 in Earth Magic
 12345 | Lair:1   | Reached skill level 5 in Spellcasting
 12455 | Lair:1   | Bought a pair of translucent gloves for 209 gold pieces
 12455 | Lair:1   | Identified the +0 pair of gloves of the Coconut {rPois
                  | Stlth+} (You bought it in a shop on level 1 of the Lair of
                  | Beasts)
 12455 | Lair:1   | Bought a fine kite shield for 209 gold pieces
 12455 | Lair:1   | Identified the +0 kite shield of Snakes and Ladders {rPois
                  | rN++ rCorr Stlth+} (You bought it in a shop on level 1 of
                  | the Lair of Beasts)
 12455 | Lair:1   | Bought a pair of scorched boots for 209 gold pieces
 12455 | Lair:1   | Identified the +0 pair of boots "Vuskin" {rN+} (You bought
                  | it in a shop on level 1 of the Lair of Beasts)
 12487 | Lair:1   | Bought a runed ring mail for 154 gold pieces
 12631 | Lair:1   | Reached skill level 1 in Shields
 13151 | Lair:1   | Reached skill level 9 in Earth Magic
 13625 | Lair:2   | Noticed a skyshark
 13631 | Lair:2   | Killed a skyshark
 13635 | Lair:2   | Reached XP level 12. HP: 65/77 MP: 0/20
 13846 | Lair:2   | Noticed an eight-headed hydra
 13994 | Lair:2   | Reached skill level 10 in Earth Magic
 14401 | Lair:2   | Killed an eight-headed hydra
 14640 | Lair:2   | Noticed Erica
 14646 | Lair:2   | Killed Erica
 14647 | Lair:2   | Reached skill level 5 in Shields
 15360 | Lair:3   | Noticed a five-headed hydra
 15392 | Lair:3   | Killed a five-headed hydra
 15584 | Lair:4   | Noticed a skyshark
 15666 | Lair:4   | Killed a skyshark
 16381 | Lair:3   | Reached skill level 11 in Earth Magic
 16381 | Lair:3   | Reached XP level 13. HP: 78/82 MP: 20/25
 17303 | Lair:3   | Found a hole to the Spider Nest.
 17536 | Lair:4   | Reached skill level 12 in Earth Magic
 17816 | Lair:4   | Reached skill level 10 in Spellcasting
 18723 | Lair:4   | Reached skill level 1 in Evocations
 18857 | Lair:4   | Found a staircase to the Slime Pits.
 18862 | Lair:4   | Found a viscous altar of Jiyva.
 19300 | Lair:5   | Entered Level 5 of the Lair of Beasts
 19423 | Lair:5   | Found a frozen archway.
 19551 | IceCv    | Entered an ice cave
 20365 | IceCv    | Mangled by a death yak simulacrum

Illustrated notes

Levels and vault maps discovered:
D:1:      arrival_aquarium_b, layout_rooms,
          dreamdust_ecumenical_altar_hidden_monk_grotto
D:2:      layout_loops_ring, serial_shops, nicolae_shop_hallway_plus,
          st_stairs_11
D:3:      layout_basic, palyth_temple_overflow_mages, serial_shops,
          nicolae_shop_tiny_waterfront, uniq_sigmund
D:4:      nicolae_cairo_tiling_very_big, layout_loops_ring,
          grunt_temple_overflow_opulence
D:5:      layout_loops_cross, minmay_temple_entry_mist,
          mainiacjoe_ossuary_entry_find_the_door, uniq_ijyb, uniq_blork_the_orc,
          uniq_crazy_yiuf_cottage
D:6:      hellmonk_ruined_rings, layout_basic
D:7:      layout_cave_pools, chequers_serial_rivers_room_a, uniq_duvessa
D:8:      layout_basic, david_lair_generic, uniq_jeremiah
D:9:      layout_grid_maze, overflow_temple_1_default, bloody_makhleb,
          orc_0_dummy, enter_bailey_5, serial_demonic, serial_demonic_a,
          serial_demonic_f, serial_demonic_f, serial_demonic_e,
          serial_demonic_a, serial_demonic_d, nicolae_underground_beach
Lair:1:   layout_cave_pods, special_room [special_room_bee]
Lair:2:   layout_cave_pods, swamp_mist_pool, grunt_forest_large_clearings,
          grunt_megastairs_1, uniq_erica
Lair:3:   layout_chaotic_city, spider_nest_entry_web_field
Lair:4:   layout_layer_cave, dpeg_slime_entry_corner, serial_rivers,
          chequers_serial_rivers_micro_b, chequers_serial_rivers_small_b,
          chequers_serial_rivers_small_a, chequers_serial_rivers_large_b,
          beast_lair_carwin_8
Lair:5:   wormcave, layout_regular_city,
          portal_ice_cave_entry_animals_and_master
IceCv:    ice_cave_small_demon

Skill      XL: |  1  2  3  4  5  6  7  8  9 10 11 12 13 |
---------------+----------------------------------------+-----
Earth Magic    | 4 5 6 9 11 12 | 12.0
Conjurations   | 2 4 5 6 8 |  8.0
Fighting       | 1 2 4 7 9 10 | 10.0
Armour         | 1 2 4 5 |  5.0
Dodging        | 2 4 6 7 8 |  8.0
Stealth        | 3 4 |  4.0
Spellcasting   | 3 4 5 8 11 | 11.6
Alchemy        | 3 4 |  4.0
Shields        | 2 6 |  6.0
Evocations     | 3 |  3.8

Action                     |  1- 3 |  4- 6 |  7- 9 | 10-12 | 13-15 || total
---------------------------+-------+-------+-------+-------+-------++-------
  Melee: Unarmed           |     8 |       |       |       |       ||     8
         Mace              |       |    49 |    15 |       |       ||    64
         Flail             |       |       |     5 |     2 |       ||     7
         Trident           |       |       |       |   104 |       ||   104
         Staff             |       |       |       |    32 |    12 ||    44
   Cast: Sandblast         |    49 |    71 |   287 |   391 |   189 ||   987
         Stone Arrow       |       |     2 |     3 |    76 |    69 ||   150
         Petrify           |       |       |       |     5 |       ||     5
 Invoke: Call Merchant     |       |       |       |     1 |       ||     1
  Evoke: Wand              |       |       |       |     5 |       ||     5
    Use: Scroll            |       |     9 |     4 |     9 |     3 ||    25
         Potion            |       |     1 |     3 |     3 |     2 ||     9
 Armour: Robe              |    12 |    56 |       |       |       ||    68
         Leather armour    |       |    34 |   138 |   386 |       ||   558
         Ring mail         |       |       |       |   158 |   139 ||   297
  Dodge: Dodged            |    18 |    33 |   130 |   776 |   146 ||  1103
  Block: Kite shield       |       |       |       |   105 |    97 ||   202

Table legend: (Time is in decaauts)
 A = Elapsed time spent in this place.
 B = Non-inter-level travel time spent in this place.
 C = Inter-level travel time spent in this place.
 D = Time resting spent in this place.
 E = Time spent auto-exploring this place.
 F = Levels seen in this place.
 G = Mean time per level.
                   A        B        C        D        E       F      G
               +--------+--------+--------+--------+--------+-----+--------+
         Total |  20985 |  20197 |    788 |   3484 |  12030 |  16 | 1311.6 |
       Dungeon |  10889 |  10380 |    509 |   1427 |   6596 |   9 | 1209.9 |
          Lair |   8434 |   8156 |    278 |   1748 |   4648 |   5 | 1686.8 |
       Ossuary |    827 |    827 |      0 |      0 |    629 |   1 |  827.0 |
      Ice Cave |    834 |    834 |      0 |    309 |    157 |   1 |  834.0 |
               +--------+--------+--------+--------+--------+-----+--------+

Top non-repeatable levels by time:
  Lair:1: 2395 daAuts
     D:8: 2265 daAuts
  Lair:4: 2228 daAuts
  Lair:3: 1870 daAuts
     D:7: 1807 daAuts
  Lair:2: 1672 daAuts
     D:5: 1366 daAuts
     D:6: 1251 daAuts
     D:2: 1072 daAuts
     D:4: 1049 daAuts
     D:3: 918 daAuts
   IceCv: 834 daAuts
 Ossuary: 827 daAuts
     D:1: 822 daAuts
     D:9: 336 daAuts
